 Dungeon Crawl Stone Soup version 0.21.0-3-g78d12a8bdd (webtiles) character file.

1646 KamiKatze the Cutter (level 8, -2/42 HPs)
             Began as a Vine Stalker Fighter on Jan 9, 2018.
             Collided with a rock wall (11 damage)
             ... caused by Noxor's ghost
             ... on level 6 of the Dungeon.
             The game lasted 00:21:22 (5134 turns).

KamiKatze the Cutter (Vine Stalker Fighter)         Turns: 5134, Time: 00:21:22

Health: -2/42      AC: 11    Str: 20    XL:     8   Next: 99%
Magic:  0/9        EV:  5    Int:  8    God:
Gold:   328        SH: 10    Dex: 15    Spells: 7/7 levels left

rFire    + . .     SeeInvis .   a - +0 rapier
rCold    . . .     Gourm    .   c - +0 shield
rNeg     . . .     Faith    .   y - +0 chain mail
rPois    .         Spirit   +   n - +0 helmet
rElec    .         Reflect  .   (no cloak)
rCorr    .         Harm     .   (no gloves)
MR       +....                  (no boots)
Stlth    ..........             (no amulet)
HPRegen  0.54/turn              h - ring of protection from fire
MPRegen  0.11/turn              (no ring)

@: no status effects
A: fangs 3, regeneration 1, magic shield, antimagic bite, no potion heal 3, rot
immunity
a: no special abilities


You were on level 6 of the Dungeon.
You were not hungry.

You visited 1 branch of the dungeon, and saw 6 of its levels.
You also visited: Ossuary.

You collected 328 gold pieces.

Inventory:

Hand Weapons
 a - a +0 rapier (weapon)
 b - a +2 dagger of venom
Missiles
 k - 153 stones
 u - 3 tomahawks (quivered)
 C - 2 tomahawks of returning
Armour
 c - a +0 shield (worn)
 n - a +0 helmet (worn)
 y - a +0 chain mail (worn)
 B - a +0 plate armour
Jewellery
 h - a ring of protection from fire (left hand)
Wands
 r - a wand of iceblast (4)
Scrolls
 e - a scroll of amnesia {unknown}
 g - a scroll of enchant weapon {unknown}
 i - 3 scrolls of remove curse
 m - 4 scrolls of teleportation {unknown}
 o - a scroll of random uselessness {unknown}
 p - 2 scrolls of fog {unknown}
 s - a scroll of enchant armour {unknown}
 v - 3 scrolls of identify
 w - 2 scrolls of immolation {unknown}
Potions
 d - 2 potions of brilliance
 j - 3 potions of curing
 l - a potion of flight
 q - a potion of lignification
 z - a potion of mutation
 A - a potion of might
 D - a potion of magic
Comestibles
 f - 7 rations


   Skills:
 + Level 4.9 Fighting
 * Level 6.1 Short Blades
 * Level 5.8 Armour
 + Level 0.3 Dodging
 + Level 4.8 Shields


You had 7 spell levels left.
You didn't know any spells.

Dungeon Overview and Level Annotations

Branches:
Dungeon (6/15)
 Temple: D:4-7

Altars:
Nemelex Xobeh
Trog
Zin

Shops:
D:5 :=

Annotations:
D:5 zkobry's ghost, novice GnCj
D:6 Noxor's ghost, novice DECj


Innate Abilities, Weirdness & Mutations

You have razor-sharp teeth.
Your natural rate of healing is unusually fast.
When hurt, damage is shared between your health and your magic reserves.
Your bite disrupts and absorbs the magic of your enemies.
Potions cannot restore your health.
You are immune to rotting.


Message History

The magic dart hits you!
You hit Noxor's ghost.
Noxor's ghost is moderately damaged.
You block Noxor's ghost's attack.
You hit Noxor's ghost.
Noxor's ghost is moderately damaged.
Noxor's ghost hits you but does no damage.
You closely miss Noxor's ghost.
Noxor's ghost is moderately damaged.
Noxor's ghost casts a spell at you. The magic dart hits you!
You hit Noxor's ghost but do no damage. Your bite misses Noxor's ghost.
Noxor's ghost is moderately damaged.
Noxor's ghost casts a spell at you. The lance of force hits you!
Ouch! That really hurt!
* * * LOW HITPOINT WARNING * * *
You are knocked back by the lance of force.
You slam into the rock wall!
You die...

#........#.###.#.......
#......#.#.##....#.....
#......#.#.##....#....#
#..............#.#W...#
#......######..#.#.#..#
#.....W# #....#.#..#
#......#######.#...#..#
#).....'.......#.####..
#.....@#########.# #..
######## #.######
#############.....#
#............####.#
#..............##.#
#............#....#
#............######
#............####
###########...)<#


You could see Noxor's ghost.

Vanquished Creatures
  Grinder (D:4)
  Sigmund (D:2)
  Menkaure (D:4)
  Edmund (D:3)
  An ice beast (D:6)
  A necrophage (D:5)
  A phantom (D:4)
  An ogre (D:6)
  3 crimson imps
  A howler monkey (D:4)
  3 hounds
  A bullfrog zombie (D:5)
  An orc priest (D:4)
  3 orc wizards
  Ijyb (D:3)
  3 worker ants
  3 mummies (Ossuary)
  5 adders
  A shadow imp (D:5)
  An adder skeleton (D:5)
  2 adder zombies
  A worm (D:4)
  3 dart slugs
  3 leopard geckos
  28 orcs
  A ball python (D:3)
  5 bats
  3 giant cockroaches
  A gnoll zombie (Ossuary)
  2 goblins
  6 hobgoblins
  8 jackals
  2 quokkas
  3 frilled lizards
  3 goblin zombies (Ossuary)
  5 hobgoblin zombies (Ossuary)
  A jackal skeleton (D:6)
  10 kobolds
  3 kobold zombies (Ossuary)
  An orc zombie (Ossuary)
  2 quokka zombies (Ossuary)
  7 rats
  2 rat zombies (Ossuary)
136 creatures vanquished.

Notes
Turn   | Place    | Note
-------+----------+-------------------------------------------
     0 | D:1      | KamiKatze the Vine Stalker Fighter began the quest for the Orb.
     0 | D:1      | Reached XP level 1. HP: 11/11 MP: 2/2
   127 | D:1      | Reached skill level 2 in Short Blades
   129 | D:1      | Reached XP level 2. HP: 10/16 MP: 3/3
   720 | D:1      | Reached XP level 3. HP: 17/19 MP: 4/4
  1134 | D:2      | Gained mutation: Your natural rate of healing is unusually fast. [Vine Stalker growth]
  1134 | D:2      | Reached XP level 4. HP: 16/24 MP: 3/5
  1279 | D:2      | Found a sparkling altar of Nemelex Xobeh.
  1590 | D:2      | Noticed Sigmund
  1597 | D:2      | Killed Sigmund
  1597 | D:2      | Reached skill level 3 in Short Blades
  1597 | D:2      | Reached XP level 5. HP: 25/28 MP: 6/6
  1597 | D:2      | Reached XP level 6. HP: 29/32 MP: 7/7
  2115 | D:3      | Noticed Ijyb
  2131 | D:3      | Killed Ijyb
  2507 | D:4      | Noticed Grinder
  2520 | D:4      | Paralysed by Grinder for 5 turns
  2526 | D:4      | Killed Grinder
  2526 | D:4      | Reached skill level 4 in Short Blades
  2526 | D:4      | Reached XP level 7. HP: 20/37 MP: 8/8
  2594 | D:4      | Noticed Menkaure
  2675 | D:4      | Killed Menkaure
  2846 | D:4      | Noticed Edmund
  2861 | D:3      | Killed Edmund
  2861 | D:3      | Gained mutation: You have razor-sharp teeth. [Vine Stalker growth]
  2861 | D:3      | Reached XP level 8. HP: 42/42 MP: 7/9
  2911 | D:4      | Reached skill level 5 in Short Blades
  3057 | D:4      | Reached skill level 5 in Armour
  3180 | D:4      | Found a glowing silver altar of Zin.
  3216 | D:5      | Entered Level 5 of the Dungeon
  3226 | D:5      | Noticed zkobry's ghost (novice GnCj)
  3444 | D:5      | Found Hitruirr's Book Shop.
  3905 | D:5      | Found Zorusaat's Jewellery Emporium.
  4393 | D:6      | Noticed Noxor's ghost (novice DECj)
  4528 | D:6      | Found a bloodstained altar of Trog.
  4594 | D:6      | Found a sand-covered staircase.
  4602 | Ossuary  | Entered an ossuary
  4895 | D:6      | Reached skill level 6 in Short Blades
  5134 | D:6      | Collided with a rock wall

Skill      XL: |  1  2  3  4  5  6  7  8 |
---------------+-------------------------+-----
Short Blades   | 2 3 4 6 |  6.1
Fighting       | 3 4 |  4.9
Armour         | 3 4 5 |  5.8
Shields        | 3 4 |  4.8
Dodging        | |  0.3

Action                   |  1- 3 |  4- 6 |  7- 9 || total
-------------------------+-------+-------+-------++-------
Melee: Rapier            |    87 |    85 |   326 ||   498
       Bite              |    25 |    28 |   100 ||   153
  Use: Potion            |       |     1 |     2 ||     3
       Scroll            |       |     1 |     9 ||    10
  Eat: Chunk             |     1 |     4 |     4 ||     9
       Ration            |       |       |     2 ||     2
Armor: Scale mail        |    39 |    29 |    99 ||   167
       Chain mail        |       |       |    11 ||    11
Dodge: Dodged            |    18 |    21 |    49 ||    88
Block: Shield            |    49 |    30 |   102 ||   181
